 Dungeon Crawl Stone Soup version 0.29.1-15-g9cfb28693d (webtiles) character file.

Game seed: 4654292556849245485

149 shadowmeld the Magician (level 5, -7/38 HPs)
             Began as a Djinni Fire Elementalist on Apr 20, 2023.
             Mangled by Crazy Yiuf
             ... wielding a +3 quarterstaff of chaos
              (17 damage)
             ... on level 2 of the Dungeon.
             The game lasted 00:08:10 (2851 turns).

shadowmeld the Magician (Djinni Fire Elementalist)  Turns: 2851, Time: 00:08:11

Health: -7/38      AC:  6    Str:  7    XL:     5   Next: 56%
Gold:   71         EV: 12    Int: 19    God:
                   SH:  0    Dex: 19

rFire   + + .      SeeInvis .   (no weapon)
rCold   x . .      Faith    .   (no shield)
rNeg    . . .      Spirit   .   r - +2 leather armour {rPois}
rPois   ∞          Reflect  .   (no helmet)
rElec   .          Harm     .   (no cloak)
rCorr   .          Rampage  .   q - +0 pair of gloves
Will    .....                   (boots unavailable)
Stlth   ++........              (no amulet)
HPRegen 0.12/turn               c - ring of wizardry
MPRegen 0.00/turn               t - +6 ring of dexterity

@: flying, invisible
A: sickness immunity, fire resistance 2, cold vulnerability 1, float, innate
caster, HP casting, extra vitality 1
a: no special abilities


You were on level 2 of the Dungeon.
You visited 1 branch of the dungeon, and saw 2 of its levels.

You collected 71 gold pieces.

Inventory:

Armour
 a - a +0 robe
 q - a +0 pair of gloves (worn)
 r - a +2 leather armour of poison resistance (worn)
Jewellery
 c - a ring of wizardry (left hand)
 m - a ring of fire
 t - a +6 ring of dexterity (right hand)
Scrolls
 d - a scroll of poison {unknown}
 k - a scroll of summoning {unknown}
 l - a scroll of fog {unknown}
 o - 2 scrolls of teleportation {unknown}
 s - a scroll of torment {unknown}
 u - 3 scrolls of vulnerability {unknown}
Potions
 b - a potion of degeneration
 e - a potion of mutation
 h - a potion of magic
 i - a potion of resistance
 j - a potion of cancellation
 n - a potion of flight {unknown}
 p - a potion of brilliance {unknown}
 v - a potion of heal wounds {unknown}


   Skills:
 * Level 2.1 Fighting
 + Level 2.2 Dodging
 - Level 1.5 Stealth
 * Level 4.1 Spellcasting


You couldn't memorise any spells.
You knew the following spells:

 Your Spells              Type           Power      Damage    Failure   Level
a - Foxfire               Conj/Fire      76%        2x1d7     1%          1
b - Scorch                Fire           38%        2d7       2%          2
c - Conjure Flame         Conj/Fire      19%        6-21      4%          3
d - Inner Flame           Hex/Fire       19%        N/A       4%          3
e - Flame Wave            Conj/Fire      19%        2d7       16%         4
f - Apportation           Tloc           38%        N/A       1%          1
g - Call Imp              Summ           19%        N/A       2%          2
Your spell library was empty.

Dungeon Overview and Level Annotations

Branches:
Dungeon (2/15)

Altars:

Shops:
D:2 [

Annotations:
D:2 Crazy Yiuf


Innate Abilities, Weirdness & Mutations

You are immune to sickness and miasma.
You are immune to poison.
Your flesh is very heat resistant. (rF++)
You are vulnerable to cold. (rC-)
You float through the air rather than walking.
You learn spells naturally, not from books.
Your magical power is your life essence.
You have superior vitality. (+4 MHP)


Message History

You see here the felid skeleton of Natasha.
A rat comes into view.
Casting: Scorch (safe; 2% risk of failure)
Confirm with . or Enter, or press ? or * to list all spells.
Flames lash the rat.
You kill the rat!
You see here a +0 whip.
You now have 71 gold pieces (gained 12).
o - 2 scrolls labelled ROYPHA MOMUT (gained 1)
Found a hammer.
Found a runed translucent door.
As you read the scroll labelled ECVYGYKHLYO, it crumbles to dust.
It is a scroll of identify.
b - a potion of degeneration
As you read the scroll of identify, it crumbles to dust.
e - a potion of mutation
As you read the scroll of identify, it crumbles to dust.
g - a potion of invisibility
As you read the scroll of identify, it crumbles to dust.
h - a potion of magic
As you read the scroll of identify, it crumbles to dust.
i - a potion of resistance
As you read the scroll of identify, it crumbles to dust.
j - a potion of cancellation
There is an open door here.
You reach down and open the door.
There is an open door here.
You reach down and open the door.
Flames lash Crazy Yiuf.
Crazy Yiuf is moderately wounded.
Crazy Yiuf's fire resistance burns away.
Crazy Yiuf hits you with a +3 quarterstaff of chaos!
Flames lash Crazy Yiuf.
Crazy Yiuf is burned terribly!
Crazy Yiuf is severely wounded.
Crazy Yiuf hits you with a +3 quarterstaff of chaos!
* * * LOW HITPOINT WARNING * * *
Crazy Yiuf burns you.
* * * LOW HITPOINT WARNING * * *
You fade into invisibility!
Crazy Yiuf hits you with a +3 quarterstaff of chaos!
You die...

.......# #.#
##.## ######.#
#####.# #..# #.#
#.....# ##.# #.#
####### #.# #.#
#.## #.#
#######..#
######.# ###
###.#....#.#
#......#
#...##..#.......#
#.######
#...g@####......#
#.# #)..###
##P...## #.# ###
###### ..# ###
#############
.........†..#
#############


You could see Crazy Yiuf (unable to see you, combustible).

Vanquished Creatures
  A jelly (D:2)
  Natasha (D:2)
  4 adders (D:2)
  A gnoll (D:1)
  2 worms (D:2)
  3 dart slugs
  4 ball pythons
  5 bats (D:1)
  5 endoplasms
  A goblin (D:2)
  3 hobgoblins (D:2)
  4 kobolds
  A quokka (D:1)
  2 frilled lizards (D:1)
  3 rats
40 creatures vanquished.

Vanquished Creatures (others)
  15 foxfires (D:1)
15 creatures vanquished.

Grand Total: 55 creatures vanquished

Notes
Turn   | Place    | Note
-------+----------+-------------------------------------------
     0 | D:1      | shadowmeld the Djinni Fire Elementalist began the quest for
                  | the Orb.
     0 | D:1      | shadowmeld set off with the following spells memorised:
                  | Foxfire, Scorch, Conjure Flame, Inner Flame, Flame Wave.
     0 | D:1      | Reached XP level 1. HP: 15/15 MP: 0/0
    18 | D:1      | Reached XP level 2. HP: 13/21 MP: 0/0
   376 | D:1      | Reached skill level 3 in Spellcasting
   483 | D:1      | Reached XP level 3. HP: 19/26 MP: 0/0
   483 | D:1      | Learned a level 1 spell: Apportation
  1381 | D:2      | Found a faded altar of an unknown god.
  1387 | D:2      | Reached skill level 1 in Fighting
  1469 | D:2      | Reached XP level 4. HP: 17/32 MP: 0/0
  1971 | D:2      | Found Muphiybbin's Antique Armour Shop.
  2239 | D:2      | Reached XP level 5. HP: 33/37 MP: 0/0
  2239 | D:2      | Learned a level 2 spell: Call Imp
  2310 | D:2      | Noticed Natasha
  2315 | D:2      | Reached skill level 4 in Spellcasting
  2321 | D:2      | Killed Natasha
  2731 | D:2      | Found a runed translucent door.
  2732 | D:2      | Noticed Crazy Yiuf
  2851 | D:2      | Mangled by Crazy Yiuf

Illustrated notes

Levels and vault maps discovered:
D:1:      dpeg_arrival_central, layout_loops_ring, kennysheep_pointless_box,
          st_stairs_5
D:2:      layout_loops_ring, hellmonk_ecumenical_altar_run_dry, serial_shops,
          nicolae_shop_hallway_plus, minmay_3d_cube, uniq_crazy_yiuf_cottage,
          uniq_natasha

Skill      XL: |  1  2  3  4  5 |
---------------+----------------+-----
Spellcasting   | 3 4 |  4.1
Fighting       | 1 2 |  2.1
Dodging        | |  2.2
Stealth        | |  1.5

Action                   |  1- 3 |  4- 6 || total
-------------------------+-------+-------++-------
 Cast: Foxfire           |     9 |       ||     9
       Scorch            |    27 |    29 ||    56
  Use: Scroll            |       |     6 ||     6
       Potion            |       |     1 ||     1
Armor: Robe              |     2 |       ||     2
       Leather armour    |       |     1 ||     1
Dodge: Dodged            |     5 |     3 ||     8
